[ PARTIDA AOE2 · #506070463 ]
UnrankedYurchen vs Japanese
Equipo del jugador · DERR
Equipo rival · VICT
[ ANÁLISIS DE REPETICIÓN · EXTRAÍDO DE LA PARTIDA GRABADA ]
Feudal
8:26
Castillos
—
Imperial
—
| APM promedio | 66.0 |
| APM pico | 111 |
| eAPM promedio | 26.2 |
| Aldeanos / militares | 58 / 30 |
Foco
⚔️ 45.4% · 🌾 54.6%
Archer ×16 · Skirmisher ×14
Feudal
8:52
Castillos
26:59
Imperial
—
| APM promedio | 63.1 |
| APM pico | 102 |
| eAPM promedio | 20.9 |
| Aldeanos / militares | 79 / 52 |
Foco
⚔️ 31.2% · 🌾 68.8%
Skirmisher ×16 · Militia ×15 · Knight ×13 · Archer ×6 · Mangonel ×2
Mapa de la partida
Recursos iniciales + cada clic de construcción. Líneas = muros · curvas = relieve. ◆ oro · ⬟ piedra · ● bayas · ✦ reliquia · ◌ hueco del cierre
Tu base· Abierta — hueco de 3t
Base de 新竹· Abierta — hueco de 4t
Terreno inicial suavizado · ◌ = hueco del cierre detectado · pasá el cursor para detalles
Inputs por minuto
— [LuB]myqbox - - 新竹
Build order — [LuB]myqbox
Primeras 150 de 178 acciones detectadas
| 0:00 | Encolar | Villager (Male) |
| 0:01 | Encolar | Villager (Male) |
| 0:02 | Construir | House |
| 0:03 | Construir | House |
| 0:10 | Encolar | Villager (Male) |
| 0:15 | Encolar | Villager (Male) |
| 1:31 | Encolar | Villager (Male) |
| 1:59 | Encolar | Villager (Male) |
| 2:16 | Construir | Lumber Camp |
| 2:21 | Encolar | Villager (Male) |
| 2:42 | Encolar | Villager (Male) |
| 3:02 | Encolar | Villager (Male) |
| 3:42 | Encolar | Villager (Male) |
| 3:42 | Encolar | Villager (Male) |
| 3:50 | Construir | House |
| 3:53 | Encolar | Villager (Male) |
| 4:31 | Encolar | Villager (Male) |
| 4:49 | Encolar | Villager (Male) |
| 5:07 | Construir | Mining Camp |
| 5:19 | Construir | Mining Camp |
| 5:39 | Investigar | Loom |
| 6:13 | Investigar | Feudal Age |
| 6:31 | Construir | Palisade Wall |
| 6:41 | Construir | Palisade Wall |
| 7:14 | Construir | Palisade Wall |
| 7:17 | Construir | Palisade Wall |
| 7:20 | Construir | Palisade Wall |
| 7:46 | Construir | Palisade Wall |
| 7:46 | Encolar | Villager (Male) |
| 7:48 | Construir | Barracks |
| 8:06 | Construir | Palisade Wall |
| 8:07 | Construir | Palisade Wall |
| 8:13 | Construir | Palisade Wall |
| 8:13 | Construir | Palisade Wall |
| 8:21 | Encolar | Villager (Male) |
| 8:26 | Edad | Edad Feudal |
| 8:54 | Construir | Archery Range |
| 9:02 | Encolar | Villager (Male) |
| 9:13 | Construir | Watch Tower |
| 9:27 | Construir | Palisade Wall |
| 9:32 | Investigar | Town Watch |
| 9:34 | Construir | House |
| 9:46 | Encolar | Archer |
| 9:51 | Construir | House |
| 9:53 | Encolar | Villager (Male) |
| 10:13 | Encolar | Villager (Male) |
| 10:30 | Encolar | Archer |
| 11:03 | Construir | Blacksmith |
| 11:15 | Encolar | Villager (Male) |
| 11:34 | Encolar | Villager (Male) |
| 11:45 | Encolar | Archer |
| 11:50 | Construir | Mill |
| 12:02 | Encolar | Villager (Male) |
| 12:30 | Encolar | Villager (Male) |
| 12:37 | Encolar | Archer |
| 12:58 | Encolar | Villager (Male) |
| 12:59 | Construir | Lumber Camp |
| 13:17 | Construir | House |
| 13:36 | Encolar | Villager (Male) |
| 14:07 | Construir | Stone Wall |
| 14:16 | Encolar | Archer |
| 14:20 | Construir | Mill |
| 14:25 | Construir | Mining Camp |
| 14:31 | Encolar | Villager (Male) |
| 14:39 | Construir | House |
| 14:44 | Encolar | Archer |
| 15:15 | Encolar | Villager (Male) |
| 15:16 | Construir | House |
| 15:17 | Construir | House |
| 15:19 | Construir | House |
| 15:30 | Construir | Farm |
| 15:30 | Construir | Farm |
| 15:44 | Encolar | Villager (Male) |
| 15:46 | Construir | House |
| 15:54 | Encolar | Villager (Male) |
| 16:08 | Construir | House |
| 16:12 | Construir | Farm |
| 16:42 | Construir | Farm |
| 16:44 | Construir | Farm |
| 16:48 | Encolar | Villager (Male) |
| 16:50 | Encolar | Villager (Male) |
| 17:01 | Construir | Farm |
| 17:05 | Investigar | Fletching |
| 17:13 | Construir | Farm |
| 17:33 | Encolar | Skirmisher |
| 17:34 | Encolar | Villager (Male) |
| 17:47 | Encolar | Villager (Male) |
| 17:58 | Encolar | Skirmisher |
| 18:08 | Encolar | Villager (Male) |
| 18:09 | Encolar | Skirmisher |
| 18:17 | Construir | Watch Tower |
| 18:29 | Encolar | Skirmisher |
| 18:34 | Construir | House |
| 18:47 | Construir | Farm |
| 18:48 | Construir | Mill |
| 19:05 | Encolar | Skirmisher |
| 19:06 | Encolar | Villager (Male) |
| 19:15 | Encolar | Villager (Male) |
| 19:20 | Construir | Farm |
| 19:23 | Construir | Farm |
| 19:23 | Construir | Farm |
| 19:23 | Construir | Farm |
| 19:40 | Encolar | Skirmisher |
| 19:48 | Construir | Farm |
| 19:58 | Construir | Palisade Wall |
| 20:04 | Encolar | Villager (Male) |
| 20:04 | Encolar | Villager (Male) |
| 20:08 | Construir | Farm |
| 20:17 | Encolar | Skirmisher |
| 20:24 | Encolar | Villager (Male) |
| 20:37 | Construir | Farm |
| 20:38 | Encolar | Villager (Male) |
| 20:45 | Encolar | Skirmisher |
| 20:52 | Construir | House |
| 20:54 | Construir | Palisade Wall |
| 21:05 | Encolar | Skirmisher |
| 21:06 | Encolar | Villager (Male) |
| 21:09 | Construir | House |
| 21:10 | Construir | House |
| 21:15 | Encolar | Villager (Male) |
| 21:30 | Encolar | Skirmisher |
| 21:32 | Encolar | Villager (Male) |
| 21:46 | Encolar | Villager (Male) |
| 21:49 | Construir | Watch Tower |
| 21:50 | Encolar | Villager (Male) |
| 21:54 | Encolar | Skirmisher |
| 22:08 | Encolar | Villager (Male) |
| 22:22 | Encolar | Villager (Male) |
| 22:31 | Encolar | Villager (Male) |
| 22:48 | Encolar | Skirmisher |
| 22:51 | Construir | Farm |
| 22:55 | Construir | Farm |
| 22:56 | Encolar | Villager (Male) |
| 23:04 | Encolar | Skirmisher |
| 23:13 | Construir | Watch Tower |
| 23:18 | Construir | Mining Camp |
| 23:26 | Encolar | Skirmisher |
| 23:32 | Construir | Farm |
| 23:34 | Encolar | Archer |
| 23:35 | Encolar | Villager (Male) |
| 23:58 | Encolar | Archer |
| 24:12 | Encolar | Archer |
| 24:15 | Encolar | Villager (Male) |
| 24:29 | Construir | Farm |
| 24:37 | Encolar | Archer |
| 24:43 | Encolar | Villager (Male) |
| 24:58 | Construir | Farm |
| 25:11 | Encolar | Villager (Male) |
| 25:37 | Construir | House |
| 25:40 | Encolar | Archer |
Build order — 新竹
Primeras 150 de 208 acciones detectadas
| 0:00 | Encolar | Villager (Male) |
| 0:00 | Encolar | Villager (Male) |
| 0:01 | Encolar | Villager (Male) |
| 0:01 | Encolar | Villager (Male) |
| 0:02 | Construir | House |
| 0:03 | Construir | House |
| 1:27 | Encolar | Villager (Male) |
| 1:28 | Encolar | Villager (Male) |
| 2:01 | Encolar | Villager (Male) |
| 2:01 | Encolar | Villager (Male) |
| 2:14 | Encolar | Villager (Male) |
| 2:14 | Encolar | Villager (Male) |
| 2:20 | Construir | Lumber Camp |
| 2:49 | Encolar | Villager (Male) |
| 2:50 | Encolar | Villager (Male) |
| 2:50 | Encolar | Villager (Male) |
| 2:50 | Encolar | Villager (Male) |
| 2:59 | Construir | House |
| 3:26 | Encolar | Villager (Male) |
| 3:26 | Encolar | Villager (Male) |
| 3:59 | Encolar | Villager (Male) |
| 4:00 | Encolar | Villager (Male) |
| 4:30 | Encolar | Villager (Male) |
| 5:07 | Construir | Mining Camp |
| 5:23 | Encolar | Villager (Male) |
| 5:41 | Encolar | Villager (Male) |
| 5:42 | Investigar | Loom |
| 5:58 | Construir | Palisade Wall |
| 6:00 | Construir | Palisade Wall |
| 6:42 | Investigar | Feudal Age |
| 6:42 | Investigar | Feudal Age |
| 6:45 | Construir | House |
| 6:46 | Construir | Mill |
| 7:05 | Construir | Barracks |
| 7:46 | Encolar | Villager (Male) |
| 8:08 | Construir | House |
| 8:12 | Encolar | Villager (Male) |
| 8:15 | Encolar | Militia |
| 8:16 | Encolar | Militia |
| 8:16 | Encolar | Militia |
| 8:27 | Encolar | Militia |
| 8:28 | Encolar | Militia |
| 8:52 | Edad | Edad Feudal |
| 8:56 | Construir | Watch Tower |
| 9:00 | Investigar | Man-at-Arms (upgrade) |
| 9:00 | Investigar | Man-at-Arms (upgrade) |
| 9:09 | Encolar | Villager (Male) |
| 9:15 | Construir | House |
| 9:56 | Encolar | Villager (Male) |
| 9:57 | Encolar | Villager (Male) |
| 10:03 | Construir | Archery Range |
| 10:07 | Encolar | Villager (Male) |
| 10:07 | Encolar | Villager (Male) |
| 10:07 | Encolar | Villager (Male) |
| 10:24 | Construir | Farm |
| 10:57 | Construir | Farm |
| 11:05 | Investigar | Double-Bit Axe |
| 11:05 | Investigar | Double-Bit Axe |
| 11:12 | Encolar | Villager (Male) |
| 11:12 | Encolar | Villager (Male) |
| 11:13 | Encolar | Villager (Male) |
| 11:22 | Construir | House |
| 11:31 | Encolar | Skirmisher |
| 11:32 | Encolar | Skirmisher |
| 11:32 | Encolar | Skirmisher |
| 11:46 | Encolar | Skirmisher |
| 11:46 | Encolar | Skirmisher |
| 12:00 | Construir | Palisade Wall |
| 12:02 | Encolar | Villager (Male) |
| 12:02 | Encolar | Villager (Male) |
| 12:07 | Encolar | Skirmisher |
| 12:07 | Encolar | Skirmisher |
| 12:30 | Construir | House |
| 12:32 | Construir | Palisade Wall |
| 12:49 | Encolar | Villager (Male) |
| 12:50 | Encolar | Villager (Male) |
| 12:50 | Encolar | Villager (Male) |
| 12:55 | Construir | Palisade Wall |
| 12:56 | Construir | Palisade Wall |
| 12:58 | Construir | Palisade Wall |
| 13:03 | Encolar | Villager (Male) |
| 13:04 | Encolar | Villager (Male) |
| 13:09 | Construir | Mining Camp |
| 13:14 | Encolar | Skirmisher |
| 13:14 | Encolar | Skirmisher |
| 13:21 | Construir | Farm |
| 13:26 | Construir | House |
| 13:36 | Encolar | Archer |
| 13:42 | Construir | Farm |
| 13:57 | Encolar | Villager (Male) |
| 13:57 | Encolar | Villager (Male) |
| 13:57 | Encolar | Villager (Male) |
| 14:19 | Encolar | Skirmisher |
| 14:19 | Encolar | Skirmisher |
| 15:13 | Encolar | Villager (Male) |
| 15:13 | Encolar | Villager (Male) |
| 15:14 | Construir | Farm |
| 15:15 | Construir | Farm |
| 15:30 | Encolar | Skirmisher |
| 15:33 | Encolar | Villager (Male) |
| 15:33 | Encolar | Villager (Male) |
| 15:33 | Encolar | Villager (Male) |
| 15:45 | Construir | Blacksmith |
| 15:51 | Encolar | Archer |
| 15:58 | Encolar | Villager (Male) |
| 15:58 | Encolar | Villager (Male) |
| 15:58 | Encolar | Villager (Male) |
| 16:00 | Construir | Farm |
| 16:01 | Construir | Farm |
| 16:07 | Encolar | Archer |
| 16:17 | Investigar | Fletching |
| 16:17 | Investigar | Fletching |
| 17:01 | Encolar | Villager (Male) |
| 17:01 | Encolar | Villager (Male) |
| 17:02 | Encolar | Villager (Male) |
| 17:02 | Encolar | Villager (Male) |
| 17:02 | Encolar | Villager (Male) |
| 17:04 | Construir | Farm |
| 17:31 | Encolar | Villager (Male) |
| 17:31 | Encolar | Villager (Male) |
| 17:31 | Encolar | Villager (Male) |
| 17:37 | Construir | Lumber Camp |
| 17:39 | Construir | Mining Camp |
| 17:47 | Construir | Watch Tower |
| 18:14 | Investigar | Padded Archer Armor |
| 18:14 | Investigar | Padded Archer Armor |
| 18:15 | Encolar | Villager (Male) |
| 18:15 | Encolar | Villager (Male) |
| 18:17 | Construir | Farm |
| 18:18 | Construir | Farm |
| 18:20 | Construir | Farm |
| 18:34 | Encolar | Skirmisher ×2 |
| 18:35 | Encolar | Skirmisher ×2 |
| 19:10 | Encolar | Villager (Male) |
| 19:10 | Encolar | Villager (Male) |
| 19:10 | Encolar | Villager (Male) |
| 19:14 | Construir | Farm |
| 19:36 | Encolar | Villager (Male) |
| 19:36 | Encolar | Villager (Male) |
| 19:37 | Encolar | Villager (Male) |
| 19:45 | Construir | Watch Tower |
| 19:52 | Encolar | Archer |
| 19:53 | Encolar | Archer |
| 20:00 | Encolar | Villager (Male) |
| 20:06 | Construir | House |
| 20:10 | Construir | House |
| 20:25 | Encolar | Villager (Male) |
| 20:26 | Encolar | Villager (Male) |
| 20:26 | Encolar | Villager (Male) |
| 20:40 | Encolar | Villager (Male) |
Cronología de la partida
| 5:58 | 新竹 · wall_segment Palisade Wall x1 |
| 6:00 | 新竹 · wall_segment Palisade Wall x1 |
| 6:31 | [LuB]myqbox · wall_segment Palisade Wall x6 |
| 6:41 | [LuB]myqbox · wall_segment Palisade Wall x5 |
| 7:05 | 新竹 · first_building Barracks |
| 7:14 | [LuB]myqbox · wall_segment Palisade Wall x6 |
| 7:17 | [LuB]myqbox · wall_segment Palisade Wall x11 |
| 7:20 | [LuB]myqbox · wall_segment Palisade Wall x1 |
| 7:46 | [LuB]myqbox · wall_segment Palisade Wall x1 |
| 7:48 | [LuB]myqbox · first_building Barracks |
| 8:06 | [LuB]myqbox · wall_segment Palisade Wall x4 |
| 8:07 | [LuB]myqbox · wall_segment Palisade Wall x5 |
| 8:13 | [LuB]myqbox · wall_segment Palisade Wall x1 |
| 8:13 | [LuB]myqbox · wall_segment Palisade Wall x1 |
| 8:26 | [LuB]myqbox · age_up feudal |
| 8:52 | 新竹 · age_up feudal |
| 8:54 | [LuB]myqbox · first_building Archery Range |
| 9:27 | [LuB]myqbox · wall_segment Palisade Wall x1 |
| 10:03 | 新竹 · first_building Archery Range |
| 12:00 | 新竹 · wall_segment Palisade Wall x1 |
| 12:32 | 新竹 · wall_segment Palisade Wall x5 |
| 12:55 | 新竹 · wall_segment Palisade Wall x2 |
| 12:56 | 新竹 · wall_segment Palisade Wall x5 |
| 12:58 | 新竹 · wall_segment Palisade Wall x4 |
| 14:07 | [LuB]myqbox · wall_segment Stone Wall x1 |
| 19:58 | [LuB]myqbox · wall_segment Palisade Wall x8 |
| 20:54 | [LuB]myqbox · wall_segment Palisade Wall x10 |
| 24:11 | 新竹 · first_building Stable |
| 24:17 | 新竹 · first_market_buy 100 food |
| 24:19 | 新竹 · first_market_sell 100 wood |
| 26:59 | 新竹 · age_up castle |
| 27:28 | 新竹 · first_building Siege Workshop |
| 29:14 | [LuB]myqbox · resign |
[ ANÁLISIS IA · 1 CRÉDITO ]
¿Qué pasó realmente en esta partida?
Wolo.gg analiza cada decisión: build order, eco, micro, errores típicos por bracket. Análisis personalizado por WhatsApp o Discord en 30 segundos.
Guía civ
Yurchen
Perfil
[LuB]myqbox